 Dungeon Crawl Stone Soup version 0.30-a0-476-g330ca2eb8e (webtiles) character file.

Game seed: 15359323570928110897

418 bande the Covered (level 6, -2/39 HPs)
             Began as a Gargoyle Fighter on Dec 22, 2022.
             Slain by an orc warrior
             ... wielding a +0 mace
              (5 damage)
             ... on level 4 of the Dungeon.
             The game lasted 00:05:29 (3324 turns).

bande the Covered (Gargoyle Fighter)                Turns: 3324, Time: 00:05:30

Health: -2/39      AC: 15    Str: 20    XL:     6   Next: 93%
Magic:  6/6        EV:  7    Int:  8    God:
Gold:   220        SH:  4    Dex: 11    Spells: 5/5 levels left

rFire   . . .      SeeInvis .    a - +1 war axe (freeze)
rCold   + . .      Faith    .    c - +0 buckler
rNeg    + . .      Spirit   .    q - +0 chain mail
rPois   ∞          Reflect  .    (no helmet)
rElec   +          Harm     .    e - +0 cloak
rCorr   .          Rampage  .    (no gloves)
Will    .....                    (no boots)
Stlth   ..........               (no amulet)
HPRegen 0.26/turn                f - ring of protection from cold
MPRegen 0.10/turn                (no ring)

@: no status effects
A: sickness immunity, AC +4, negative energy resistance 1, electricity
resistance, torment resistance 1, petrification resistance
a: no special abilities


You were on level 4 of the Dungeon.
You visited 1 branch of the dungeon, and saw 4 of its levels.

You collected 220 gold pieces.

Inventory:

Hand Weapons
 a - a +1 war axe of freezing (weapon)
 b - a +0 flail
Armour
 c - a +0 buckler (worn)
 e - a +0 cloak (worn)
 q - a +0 chain mail (worn)
Jewellery
 f - a ring of protection from cold (left hand)
Wands
 o - a wand of polymorph (13)
Scrolls
 h - 3 scrolls of teleportation
 i - a scroll of magic mapping
 l - 3 scrolls of blinking
 n - a scroll of poison
Potions
 d - a potion of might
 g - 2 potions of invisibility
 j - 2 potions of cancellation
 k - 3 potions of curing
 m - 3 potions of mutation {unknown}


   Skills:
 + Level 4.4 Fighting
 + Level 4.3 Axes
 + Level 4.7 Armour
 - Level 0.6 Stealth
 + Level 4.3 Shields
 * Level 1.2 Evocations


You had 5 spell levels left.
You didn't know any spells.
Your spell library was empty.

Dungeon Overview and Level Annotations

Branches:
Dungeon (4/15)
 Temple: D:4-7

Altars:
Wu Jian


Innate Abilities, Weirdness & Mutations

You are immune to sickness and miasma.
Your stone body is resilient. (AC +4)
You are immune to poison.
You resist negative energy. (rN+)
You are resistant to electric shocks. (rElec)
You are resistant to unholy torment.
You are immune to petrification.


Message History

You closely miss the hobgoblin. The hobgoblin completely misses you.
You block the orc warrior's attack.
Unknown command.
You closely miss the orc warrior.
The orc warrior is severely wounded.
You hit the hobgoblin. You freeze the hobgoblin.
The hobgoblin hits you but does no damage.
The orc warrior hits you with a +0 mace. x2
The hobgoblin barely misses you.
Unknown command.
You hit the orc warrior. You freeze the orc warrior.
The orc warrior is almost dead.
You hit the hobgoblin. You freeze the hobgoblin.
You kill the hobgoblin!
The orc warrior hits you with a +0 mace.
* * * LOW HITPOINT WARNING * * *
Unknown command.
You closely miss the orc warrior.
The orc warrior is almost dead.
You hit the orc. You freeze the orc.
You kill the orc!
The orc warrior hits you but does no damage.
You barely miss the orc warrior.
The orc warrior is almost dead.
The orc warrior hits you but does no damage. x2
You barely miss the orc warrior.
The orc warrior is almost dead.
The orc warrior hits you with a +0 mace.
* * * LOW HITPOINT WARNING * * *
Unknown command.
You hit the orc warrior but do no damage.
The orc warrior is almost dead.
The orc warrior closely misses you.
The orc warrior hits you with a +0 mace!
* * * LOW HITPOINT WARNING * * *
You hit the orc warrior but do no damage.
The orc warrior is almost dead.
A kobold comes into view. It is wielding a +4 short sword.
The orc warrior hits you with a +0 mace.
You die...

#######)). ........). #
#######... #(#####
#...... ...... .......
#####..###########.....
.......^......#..+.....
###.....####.#.##.....
##o@.## #.#.##.....
##)## #.#.####### #.#
##.#.# ##### #.#
##..#.# #....
#..K###.....###.###
...8.............###
###...###...#####....
'#.#' ##...........
K.#.#.. ##..####....


You could see an orc warrior and a kobold (wandering).

Vanquished Creatures
  A sky beast (D:4)
  A kobold brigand (D:3)
  A scorpion (D:4)
  A hound (D:4)
  3 gnolls (D:4)
  4 adders
  A worm (D:3)
  2 dart slugs
  2 orcs (D:4)
  8 endoplasms
  5 giant cockroaches
  8 goblins
  10 hobgoblins
  8 jackals (D:2)
  17 kobolds
  3 quokkas
  6 ball pythons
  5 bats
  2 frilled lizards
  5 rats
93 creatures vanquished.

Vanquished Creatures (others)
  21 plants (D:2)
21 creatures vanquished.

Grand Total: 114 creatures vanquished

Notes
Turn   | Place    | Note
-------+----------+-------------------------------------------
     0 | D:1      | bande the Gargoyle Fighter began the quest for the Orb.
     0 | D:1      | Reached XP level 1. HP: 14/14 MP: 1/1
   222 | D:1      | Reached XP level 2. HP: 19/19 MP: 2/2
   278 | D:1      | You fall into a shaft and drop 1 floor!
   572 | D:1      | Reached XP level 3. HP: 24/24 MP: 3/3
   903 | D:2      | Found a faded altar of an unknown god.
  1154 | D:2      | Reached XP level 4. HP: 29/29 MP: 4/4
  1824 | D:3      | Noticed a kobold brigand
  1842 | D:3      | Killed a kobold brigand
  1843 | D:3      | Reached XP level 5. HP: 11/33 MP: 5/5
  2999 | D:4      | Noticed a sky beast
  3080 | D:4      | Reached XP level 6. HP: 19/38 MP: 6/6
  3221 | D:4      | Found an ornate altar of the Wu Jian Council.
  3271 | D:4      | Killed a sky beast
  3300 | D:4      | Noticed an orc warrior
  3310 | D:4      | Reached skill level 1 in Evocations
  3324 | D:4      | Slain by an orc warrior

Illustrated notes

Levels and vault maps discovered:
D:1:      saegor_arrival_simple_a, layout_basic,
          hangedman_abyss_or_decor_lesser_grid
D:2:      layout_loops_ring, basic_ecumenical_altar, serial_bayou,
          serial_bayou_pond_b, serial_bayou_lake_a, serial_bayou_pond_c,
          serial_bayou_shore_a
D:3:      cheibrodos_thug_alley, layout_loops_ring
D:4:      cheibrodos_barr_body, layout_basic, nicolae_wu_jian_wuxing_cycle,
          lemuel_round_altar, yredelemnul_forgotten_temple_becter,
          grunt_tough_drop, uniq_duvessa, uniq_sigmund

Skill      XL: |  1  2  3  4  5  6 |
---------------+-------------------+-----
Axes           | 2 3 4 |  4.3
Fighting       | 4 |  4.4
Armour         | 4 |  4.7
Shields        | 4 |  4.3
Evocations     | 1 |  1.2
Stealth        | |  0.6

Action                   |  1- 3 |  4- 6 || total
-------------------------+-------+-------++-------
Melee: War axe           |   112 |   145 ||   257
  Use: Scroll            |     4 |     5 ||     9
Armor: Scale mail        |    92 |    40 ||   132
       Chain mail        |       |    41 ||    41
Dodge: Dodged            |    73 |    54 ||   127
Block: Buckler           |    40 |    36 ||    76

Table legend: (Time is in decaauts)
 A = Elapsed time spent in this place.
 B = Non-inter-level travel time spent in this place.
 C = Inter-level travel time spent in this place.
 D = Time resting spent in this place.
 E = Time spent auto-exploring this place.
 F = Levels seen in this place.
 G = Mean time per level.
                   A        B        C        D        E       F      G
               +--------+--------+--------+--------+--------+-----+--------+
         Total |   3489 |   3264 |    225 |    305 |   2276 |   4 |  872.2 |
       Dungeon |   3489 |   3264 |    225 |    305 |   2276 |   4 |  872.2 |
               +--------+--------+--------+--------+--------+-----+--------+

Top non-repeatable levels by time:
     D:3: 1346 daAuts
     D:2: 995 daAuts
     D:1: 786 daAuts
     D:4: 361 daAuts
